 Seeded DCSS version 0.32-a0-306-gfed3edf (webtiles) character file.

Game seed: 9125747119528340153 (custom seed)

29107 bonscott the Nimble (level 13, -21/58 HPs)
             Began as a Felid Ice Elementalist on Aug 26, 2021.
             Was an Elder of Jiyva.
             Demolished by a skeletal warrior
             ... wielding a +0 long sword
             ... led by a skeletal warrior
              (24 damage)
             ... on level 10 of the Dungeon on Feb 14, 2024.
             The game lasted 04:20:40 (41141 turns).

bonscott the Nimble (Felid Ice Elementalist)       Turns: 41141, Time: 04:20:41

Health: -21/58     AC:  5    Str:  8    XL:     13   Next: 13%
Magic:  38/38      EV: 24    Int: 31    God:    Jiyva [****..]
Gold:   1226       SH:  0    Dex: 16    Spells: 25/34 levels left
                                        Lives:  0   Deaths: 3

rFire   . .          .
                       - Unarmed
rCold   + + .        (shield unavailable)
rNeg    . . .        (body armour unavailable)
rPois   .            (helmet unavailable)
rElec   +            (cloak unavailable)
rCorr   +            (gloves unavailable)
SInv    +            (boots unavailable)
Will    +....        x - amulet of regeneration
Stlth   +++          J - ring "Wur Qax" {rElec rC+ Int+6}
HPRegen 2.37/turn    I - ring of the Turtle {MP+9 Str+3 Int+4}
MPRegen 0.90/turn

%: no passive effects
@: studying Evocations
A: very small, claws 1, fangs 3, see invisible, shaggy fur 3, stealthy paws, no
weapons or thrown items, no armour, multi-lived, iridescent scales 1, acidic
bite, jelly absorbing missiles
a: Renounce Religion, Oozemancy, Slimify


You were on level 10 of the Dungeon.
You worshipped Jiyva.
Jiyva was greatly pleased with you.
You visited 3 branches of the dungeon, and saw 18 of its levels.
You also visited: Gauntlet.

You collected 1226 gold pieces.

Inventory:

Jewellery
 b - an amulet of magic regeneration
 v - a ring of wizardry
 x - an amulet of regeneration (around neck)
 y - a ring of ice
 A - an amulet of the acrobat
 E - a ring of willpower
 I - the ring of the Turtle (right paw) {MP+9 Str+3 Int+4}
   (You found it in a Gauntlet)

   [ring of magical power]

   Str+3:     It affects your strength (+3).
   Int+4:     It affects your intelligence (+4).
   MP+9:      It affects your magic capacity (+9).
 J - the ring "Wur Qax" (left paw) {rElec rC+ Int+6}
   (You found it in a Gauntlet)

   [ring of intelligence]

   Int+6:     It affects your intelligence (+6).
   rC+:       It protects you from cold.
   rElec:     It insulates you from electricity.
Wands
 n - a wand of flame (11)
 o - a wand of iceblast (12)
 w - a wand of mindburst (7)
 H - a wand of charming (7)
Scrolls
 a - 3 scrolls of amnesia
 c - 6 scrolls of revelation
 g - 2 scrolls of fog
 k - 2 scrolls of holy word
 l - a scroll of fear
 m - 3 scrolls of teleportation
 q - 2 scrolls of vulnerability
 r - 2 scrolls of silence
 t - 2 scrolls of blinking
 C - a scroll of torment
 D - a scroll of immolation
Potions
 d - 3 potions of enlightenment
 e - 2 potions of heal wounds
 f - a potion of magic
 h - 5 potions of brilliance
 i - 4 potions of curing
 j - 3 potions of berserk rage
 p - a potion of haste
 z - 6 potions of ambrosia
 B - a potion of might
 G - a potion of attraction
Miscellaneous
 s - a tin of tremorstones (2/2)


   Skills:
 - Level 2.0 Fighting
 - Level 11.0 Dodging
 - Level 4.0 Stealth
 - Level 7.5 Unarmed Combat
 - Level 11.0 Spellcasting
 + Level 10.4 Ice Magic
 - Level 9.0 Earth Magic
 - Level 10.1 Alchemy
 - Level 10.0 Evocations
 - Level 9.3 Shapeshifting


You had 25 spell levels left.
You knew the following spells:

 Your Spells              Type           Power      Damage    Failure   Level
f - Freeze                Ice            100%       1d10      1%          1
n - Frozen Ramparts       Ice            100%       1d16      1%          3
q - Blink                 Tloc           34%        N/A       4%          2
z - Ozocubu's Armour      Ice            70%        N/A       1%          3

Your spell library contained the following spells:

 Spells                   Type           Power      Damage    Failure   Level
 Ensorcelled Hibernation  Hex/Ice        98%        N/A       1%          2
 Hailstorm                Conj/Ice       49%        3d10      1%          3
 Petrify                  Alch/Erth      66%        N/A       1%          4
 Alistair's Intoxication  Alch           45%        N/A       1%          5
 Pain                     Necr           68%        1d7       3%          1
 Scorch                   Fire           34%        2d6       4%          2
 Sculpt Simulacrum        Ice/Alch       34%        N/A       7%          6
 Gell's Gravitas          Tloc           17%        N/A       9%          3
 Teleport Other           Tloc           17%        N/A       9%          3
 Metabolic Englaciation   Hex/Ice        24%        N/A       10%         5
 Airstrike                Air            8%         2d(2-18)  28%         4
 Manifold Assault         Tloc           17%        N/A       28%         4
 Summon Lightning Spire   Summ/Air       17%        N/A       28%         4
 Ozocubu's Refrigeration  Ice            35%        4d15      34%         7
 Curse of Agony           Necr           17%        N/A       63%         5
 Lightning Bolt           Conj/Air       8%         1d21      63%         5
 Dispersal                Tloc           8%         N/A       99%         6
 Ignition                 Fire           8%         3d5       100%        8


Dungeon Overview and Level Annotations

Branches:
Dungeon (11/15)            Temple (1/1) D:4            Lair (6/6) D:10
 Shoals (0/4) Lair:3        Snake (0/4) Lair:4        Slime (0/5) Lair:5
    Orc (0/2) D:10        Gauntlet (visited)

Altars:
Ashenzari
Cheibriados
Dithmenos
Elyvilon
Fedhas
Gozag
Hepliaklqana
Kikubaaqudgha
Makhleb
Nemelex Xobeh
Okawaru
Qazlal
Ru
Sif Muna
Trog
Uskayaw
Vehumet
Wu Jian
Xom
Yredelemnul
Zin
The Shining One
Jiyva

Shops:
D:6 =   D:8 (

Portals:
Abyss: D:5

Annotations:
D:5 Duskembrace's ghost, novice DjFi
D:9 exclusion: statue


Innate Abilities, Weirdness & Mutations

You have sharp claws.
You have razor-sharp teeth.
You have supernaturally acute eyesight. (SInv)
Your thick and shaggy fur keeps you warm. (AC +3, rC+)
Your paws help you pounce on unaware monsters.
You are incapable of wielding weapons or throwing items.
You cannot wear armour.
You gain extra lives every three experience levels.
You are partially covered in iridescent scales. (AC +2)
You have acidic saliva.
You have a small jelly attached to you that may absorb projectiles.


Message History

You can't see any susceptible monsters within range! (Use Z to cast anyway.)
You can't see any susceptible monsters within range! (Use Z to cast anyway.) Unknown command.
Unknown command.
Unknown command.
Okay, then.
Okay, then.
Unknown command.
Search for what [? for help]? book HP restored.
You hear a distant slurping noise.
There is a stone staircase leading down here.
You climb downwards.
The skeletal warrior hits you from afar with a +0 glaive!
The skeletal warrior hits you with a +0 long sword!
The skeletal warrior completely misses you.
There is a stone staircase leading up, spattered with blood here.
The skeletal warrior barely misses you. The skeletal warrior misses you.
You climb upwards.
There is a stone staircase leading down here.
Cast which spell? (? or * to list)
You don't know that spell.
Unknown command.
The skeletal warrior attacks as it pursues you!
The skeletal warrior hits you with a +0 long sword!!
The skeletal warrior attacks as it pursues you!
The skeletal warrior closely misses you.
The skeletal warrior hits you with a +0 long sword!!
* * * LOW HITPOINT WARNING * * *
The skeletal warrior attacks as it pursues you!
The skeletal warrior closely misses you.
The skeletal warrior attacks as it pursues you!
The skeletal warrior hits you with a +0 long sword!!
* * * LOW HITPOINT WARNING * * *
The skeletal warrior hits you with a +0 long sword!
* * * LOW HITPOINT WARNING * * *
The skeletal warrior attacks as it pursues you!
The skeletal warrior hits you with a +0 long sword!!
You die...
Jiyva sends a jelly to digest your remains.

#####'##'#'##.# #..#
#...........#.# #..#
#...........#.# #..#
#...........#.# #..#
#...........#.# #..#
#...........#.### #..#####
###'#########...####......#
..........................##
..######......z.@..........#
###....#........z..J.......#
....J..#...................#
.......#...................#
...####.....########....####
...##.........## #....#
...#.....J.....## #....#
............P...## #....#
.........>.......###....#


You could see 2 skeletal warriors and 2 neutral jellies (fellow slime).

Vanquished Creatures
  A fire dragon (Lair:6)
  5 hydras
  A boulder beetle (Lair:4)
  3 two-headed ogres
  2 lindwurms (Lair:6)
  2 cyclopes (D:11)
  25 elephants
  A molten gargoyle (Lair:6)
  13 cane toads
  6 black mambas
  An unseen horror (D:7)
  3 rime drakes (Lair:4)
  8 komodo dragons
  A queen bee (D:9)
  5 polar bears
  3 trolls
  A wolf spider simulacrum (D:11)
  15 blink frogs
  2 spriggans (Lair:2)
  4 wyverns
  A vampire (D:7)
  2 basilisks (D:9)
  10 yaks
  A steam dragon (Lair:6)
  2 vampire mosquitoes (D:9)
  3 nagas (Lair:3)
  An acid dragon (D:8)
  15 water moccasins
  4 hell hounds (Lair:6)
  6 black bears
  5 orc warriors
  A swamp drake (D:10)
  A necrophage (D:5)
  5 centaurs
  7 wolves
  A phantom (D:7)
  8 bullfrogs
  3 kobold brigands
  4 gnoll sergeants
  3 scorpions
  37 killer bees
  2 electric eels
  2 howler monkeys (D:10)
  5 lava snakes (Lair:6)
  3 centaur zombies
  2 centaur skeletons
  6 hounds
  3 gnoll boudas (D:8)
  8 orc priests
  A jelly (Lair:4)
  2 bullfrog skeletons
  2 iguanas (D:6)
  10 orc wizards
  A killer bee zombie (D:9)
  A hound zombie (D:5)
  36 gnolls
  5 adders
  A white imp (D:7)
  5 ribbon worms
  3 dart slugs
  35 orcs
  6 ball pythons
  5 bats
  5 endoplasms
  3 giant cockroaches
  4 hobgoblins
  10 jackals
  19 kobolds
  4 quokkas
  7 frilled lizards
  9 goblins
  8 rats
435 creatures vanquished.

Vanquished Creatures (collateral kills)
  A black mamba (Lair:6)
  4 basilisks (Lair:6)
5 creatures vanquished.

Vanquished Creatures (others)
  A hydra (Lair:6)
  2 molten gargoyles (Lair:6)
  A yak (D:11)
  A kobold brigand (D:5)
  46 jellies
  A statue (D:9)
  A howler monkey zombie (D:7)
  An orc (D:10)
  A kobold (D:5)
55 creatures vanquished.

Grand Total: 495 creatures vanquished

Notes
Turn   | Place    | Note
-------+----------+-------------------------------------------
     0 | D:1      | bonscott the Felid Ice Elementalist began the quest for the
                  | Orb.
     0 | D:1      | Reached XP level 1. HP: 7/7 MP: 4/4
     0 | D:1      | Upgraded the game from 0.28-a0-261-gc0b5048 to
                  | 0.28-a0-695-gff09746
     0 | D:1      | Upgraded the game from 0.28-a0-695-gff09746 to
                  | 0.28-a0-770-gc05be32
   803 | D:1      | Reached XP level 2. HP: 8/11 MP: 6/6
  1129 | D:1      | Found a faded altar of an unknown god.
  1516 | D:1      | Reached skill level 1 in Unarmed Combat
  2437 | D:2      | Reached XP level 3. HP: 14/14 MP: 1/7
  2916 | D:3      | Noticed a black bear
  3253 | D:2      | Learned a level 3 spell: Frozen Ramparts
  3256 | D:3      | Reached skill level 1 in Fighting
  3271 | D:3      | You fall into a shaft and drop 1 floor!
  3289 | D:4      | Identified the +9 hand axe of Iwaosaaxi {spect, rF+}
  3776 | D:3      | Found a glowing golden altar of the Shining One.
  4298 | D:3      | Reached XP level 4. HP: 19/19 MP: 2/8
  4617 | D:3      | Learned a level 3 spell: Ozocubu's Armour
  5110 | D:3      | Found a stormy altar of Qazlal.
  5809 | D:4      | Found a hazy altar of Hepliaklqana.
  6145 | D:4      | Noticed a scorpion
  6153 | D:4      | Killed a scorpion
  6154 | D:4      | Reached skill level 5 in Ice Magic
  6154 | D:4      | Reached XP level 5. HP: 3/22 MP: 4/9
  6238 | D:4      | Noticed a phantom
  6239 | D:4      | Noticed a black bear
  6239 | D:4      | Noticed a black bear
  6239 | D:4      | Noticed a phantom
  6623 | D:4      | Found a staircase to the Ecumenical Temple.
  6636 | Temple   | Entered the Ecumenical Temple
  6964 | D:4      | HP: 1/22 [black bear (4)]
  6966 | D:4      | Killed a black bear
  6967 | D:4      | Reached skill level 5 in Dodging
  6967 | D:4      | Gained mutation: You are covered in thick fur. (AC +2)
                  | [Felid growth]
  6967 | D:4      | Reached XP level 6. HP: 7/26 MP: 0/10
  7729 | D:5      | Entered Level 5 of the Dungeon
  8345 | D:5      | Noticed a yak
  8363 | D:5      | Shot with an arrow by a centaur
  8364 | D:5      | Reached XP level 5. HP: -7/22 MP: 11/11
  8467 | D:5      | Found a transporter.
  8734 | D:5      | Reached XP level 6. HP: 26/26 MP: 7/13
  9129 | D:5      | Found a one-way gate to the infinite horrors of the Abyss.
  9129 | D:5      | Found a transporter.
  9130 | D:5      | Noticed an ancient zyme
  9130 | D:5      | Noticed Duskembrace's ghost (novice DjFi)
 11036 | D:4      | Reached skill level 5 in Spellcasting
 11295 | D:6      | Reached XP level 7. HP: 26/30 MP: 8/15
 11369 | D:6      | Found an ancient bone altar of Kikubaaqudgha.
 11372 | D:6      | Found a shimmering blue altar of Sif Muna.
 11379 | D:6      | Found a glowing silver altar of Zin.
 11386 | D:6      | Found a snail-covered altar of Cheibriados.
 11402 | D:6      | Identified the +1 chain mail "Elaowuf" {rCorr Int+7}
 11872 | D:6      | Found Unexarazec's Jewellery Shoppe.
 13081 | D:6      | Reached XP level 8. HP: 25/33 MP: 13/18
 13432 | D:7      | Found an opulent altar of Gozag.
 15032 | D:7      | Noticed an unseen horror
 15504 | D:8      | Found Huow's Antique Weapon Shop.
 16857 | D:8      | Reached XP level 9. HP: 17/36 MP: 18/22
 18017 | D:9      | Noticed a troll
 18894 | D:9      | Killed a troll
 18895 | D:9      | Reached skill level 2 in Transmutations
 18968 | D:9      | Noticed a two-headed ogre
 18976 | D:9      | Noticed a two-headed ogre
 18997 | D:9      | Killed a two-headed ogre
 18998 | D:9      | Reached skill level 3 in Transmutations
 18998 | D:9      | Reached skill level 5 in Transmutations
 19056 | D:8      | Reached skill level 6 in Transmutations
 19527 | D:8      | Reached skill level 7 in Transmutations
 19819 | D:8      | Learned a level 7 spell: Spider Form
 20363 | D:9      | Killed a two-headed ogre
 20364 | D:9      | Reached skill level 8 in Transmutations
 20364 | D:9      | Reached skill level 1 in Earth Magic
 20364 | D:9      | Reached XP level 10. HP: 26/40 MP: 16/24
 20586 | D:9      | Found a radiant altar of Vehumet.
 20624 | D:9      | Reached skill level 1 in Evocations
 21304 | D:9      | Reached skill level 5 in Unarmed Combat
 21304 | D:9      | Reached XP level 11. HP: 43/43 MP: 25/25
 21305 | D:9      | Reached skill level 10 in Dodging
 21305 | D:9      | Gained mutation: Your thick and shaggy fur keeps you warm.
                  | (AC +3, rC+) [Felid growth]
 21305 | D:9      | Reached XP level 12. HP: 46/46 MP: 26/26
 21307 | D:10     | Entered Level 10 of the Dungeon
 21308 | D:10     | Noticed a two-headed ogre
 21423 | D:10     | Found a staircase to the Lair.
 21872 | Lair:1   | Entered Level 1 of the Lair of Beasts
 21873 | Lair:1   | Noticed a six-headed hydra
 21899 | D:10     | Killed a six-headed hydra
 22510 | D:9      | Reached skill level 9 in Transmutations
 22639 | D:10     | Killed a two-headed ogre
 22985 | D:10     | Reached skill level 10 in Transmutations
 23136 | D:10     | Found a staircase to the Orcish Mines.
 24173 | Lair:1   | Noticed a four-headed hydra
 25130 | Lair:1   | Killed a four-headed hydra
 25131 | Lair:1   | Reached XP level 13. HP: 44/49 MP: 16/27
 25513 | Lair:1   | Upgraded the game from 0.28-a0-770-gc05be32 to
                  | 0.28-a0-773-g130ae17
 26442 | Lair:2   | Reached skill level 11 in Transmutations
 27443 | Lair:3   | Reached skill level 10 in Spellcasting
 27619 | Lair:3   | Slain by a six-headed hydra
 27620 | Lair:3   | Reached XP level 12. HP: -5/46 MP: 27/27
 27955 | Lair:3   | Noticed a five-headed hydra
 28217 | Lair:3   | Found a staircase to the Shoals.
 28492 | Lair:4   | Noticed a boulder beetle
 28848 | Lair:4   | Noticed a five-headed hydra
 29484 | Lair:4   | Reached skill level 12 in Transmutations
 30019 | Lair:4   | Found a staircase to the Snake Pit.
 30145 | Lair:4   | Killed a boulder beetle
 30300 | Lair:5   | Found a runed translucent door.
 30301 | Lair:5   | Found a viscous altar of Jiyva.
 30304 | Lair:5   | Found a staircase to the Slime Pits.
 30648 | Lair:5   | Noticed a seven-headed hydra
 30652 | Lair:5   | Killed a seven-headed hydra
 30657 | Lair:5   | Noticed a four-headed hydra
 30881 | Lair:5   | Reached XP level 13. HP: 38/49 MP: 23/28
 31545 | Lair:5   | Became a worshipper of Jiyva Jutoawof the Shapeless
 32179 | Lair:6   | Entered Level 6 of the Lair of Beasts
 32588 | Lair:6   | Found a gate leading to a gauntlet.
 32597 | Gauntlet | Entered a Gauntlet
 32597 | Gauntlet | Noticed an entropy weaver
 32597 | Gauntlet | Found a transporter.
 32600 | Gauntlet | Found a transporter.
 32612 | Gauntlet | Found a transporter.
 32616 | Gauntlet | Found a transporter.
 32629 | Gauntlet | Found a transporter.
 32648 | Gauntlet | Found a runed translucent door.
 32649 | Gauntlet | Found a transporter.
 32652 | Gauntlet | Found a transporter.
 32656 | Gauntlet | Found a transporter.
 32656 | Gauntlet | Noticed a quicksilver ooze
 32656 | Gauntlet | Noticed a dire elephant
 32662 | Gauntlet | Found a runed translucent door.
 32685 | Gauntlet | Found a transporter.
 32691 | Gauntlet | Found a transporter.
 32695 | Gauntlet | Found a transporter.
 32699 | Gauntlet | Found a transporter.
 32726 | Gauntlet | Noticed a quicksilver ooze
 32793 | Gauntlet | Identified the ring of the Turtle {MP+9 Str+3 Int+4}
 32804 | Gauntlet | Identified the ring "Wur Qax" {rElec rC+ Int+6}
 32816 | Gauntlet | Noticed a minotaur
 32833 | Gauntlet | Got Edim's Reference Book on Cankerous Heat
 32956 | Lair:6   | Reached * piety under Jiyva
 33320 | Lair:6   | Reached skill level 10 in Ice Magic
 33479 | Lair:6   | Killed from afar by a lindwurm
 33480 | Lair:6   | Reached XP level 12. HP: -24/46 MP: 32/36
 34880 | D:7      | Reached skill level 10 in Evocations
 34940 | D:7      | Reached ** piety under Jiyva
 36089 | D:8      | Reached *** piety under Jiyva
 36092 | D:8      | Gained mutation: You have acidic saliva. [Jiyva's grace]
 36169 | D:8      | Reached **** piety under Jiyva
 36419 | D:9      | Gained mutation: You have a small jelly attached to you
                  | that may absorb projectiles. [Jiyva's grace]
 37192 | D:10     | Gained mutation: Your body sometimes deteriorates upon
                  | taking damage. [Jiyva's grace]
 37259 | D:10     | Reached ***** piety under Jiyva
 37743 | Lair:5   | Lost mutation: Your body sometimes deteriorates upon taking
                  | damage. [Jiyva's power]
 37748 | Lair:5   | Slimified a four-headed hydra
 37748 | Lair:5   | Noticed an acid blob
 37748 | Lair:5   | a four-headed hydra changed into an acid blob
 38180 | Lair:6   | Noticed a five-headed hydra
 38528 | Lair:6   | Found a large runed translucent door.
 38529 | Lair:6   | Found a large runed translucent door.
 38530 | Lair:6   | Noticed a fire dragon
 38812 | Lair:6   | Reached XP level 13. HP: 49/49 MP: 29/29
 38918 | Lair:6   | Killed a fire dragon
 39227 | D:10     | Upgraded the game from 0.28-a0-773-g130ae17 to
                  | 0.28-a0-793-g31680bb
 39243 | D:10     | Learned a level 2 spell: Blink
 39558 | D:11     | Gained mutation: You are partially covered in iridescent
                  | scales. (AC +2) [Jiyva's grace]
 41105 | D:10     | Upgraded the game from 0.28-a0-793-g31680bb to
                  | 0.28-a0-1506-g3893175
 41105 | D:10     | Upgraded the game from 0.28-a0-1506-g3893175 to
                  | 0.30-a0-23-ge60ba35
 41105 | D:10     | Reached skill level 15 in Transmutations
 41105 | D:10     | Reached skill level 10 in Alchemy
 41105 | D:10     | Upgraded the game from 0.30-a0-23-ge60ba35 to
                  | 0.32-a0-306-gfed3edf
 41140 | D:10     | HP: 1/58 [skeletal warrior/+0 long sword[a skeletal
                  | warrior] (9)]
 41141 | D:10     | Demolished by a skeletal warrior

Illustrated notes

Levels and vault maps discovered:
D:1:      amcnicky_arrival_gap_in_the_tavern_cellar, layout_basic,
          shapermc_ecumenical_altar_starsandcircs, kennysheep_pointless_box,
          hex_intersection
D:2:      layout_basic
D:3:      minmay_recursive_quarters, layout_basic,
          nicolae_overflow_hidden_temple, nicolae_qazlal_eye_of_the_storm,
          serial_forest, infiniplex_forest_corner_1, infiniplex_forest_zigzag_2,
          infiniplex_forest_zigzag_1, infiniplex_forest_straight_3,
          infiniplex_forest_lined_room_3, infiniplex_forest_lined_room_3,
          infiniplex_forest_lined_corner, infiniplex_forest_straight_2,
          infiniplex_forest_lined_2, infiniplex_forest_fountain
D:4:      layout_loops_ring, nzn_hepliaklqana_mist_gate,
          minmay_temple_entry_wispy, portal_sewer_entry_b
D:5:      layout_loops_corners, gammafunk_ghost_abyssal_escape
D:6:      layout_loops_ring, grunt_temple_overflow_cloverleaf, serial_shops,
          shop, kennysheep_big_empty_room
D:7:      minmay_chambers_of_sixes, layout_loops_corners,
          mainiacjoe_overflow_cross_hatched, minmay_misc_feat_pillars,
          minmay_misc_feat_secret_circle
D:8:      layout_cave_pools, serial_gnoll_camp, gnoll_camp_mini_shop,
          gnoll_camp_mini_hut, gnoll_camp_medium_02, gnoll_camp_huts_moat
D:9:      layout_loops_corners, vehumet_statue, special_room [special_room_bee],
          kennysheep_another_room
D:10:     layout_irregular_city, david_lair_generic, erik_orc_1
D:11:     layout_stronghold
Temple:   dshaligram_water_room_temple
Lair:1:   layout_layer_cave, serial_bayou_shore_b, serial_bayou_shore_a,
          grunt_megastairs_5, lemuel_fruit_tree
Lair:2:   nzn_winding_woodlands_stair_trap [nzn_winding_woodlands_5x15_crooked,
          nzn_winding_woodlands_5x15_concentric,
          nzn_winding_woodlands_5x15_twine, nzn_winding_woodlands_15x15_killbox,
          nzn_winding_woodlands_5x15_eye, nzn_winding_woodlands_5x15_pool,
          nzn_winding_woodlands_5x15_zeroes], layout_chaotic_city,
          forest_entry_grove
Lair:3:   layout_regular_city, minmay_shoals_entry_centaurs,
          serial_bayou_shore_b, grunt_megastairs_3
Lair:4:   layout_layer_cave, minmay_snake_entry_guardpost_small, st_stairs_7,
          nicolae_quartered_pool_little, minmay_lair_drake_nest
Lair:5:   layout_layer_cave, slime_altar_2, chequers_serial_rivers_large_b
Lair:6:   cheibrodos_lair_end_hotspot, layout_regular_city,
          gauntlet_entry_generic

Skill      XL: |  1  2  3  4  5  6  7  8  9 10 11 12 13 |
---------------+----------------------------------------+-----
Dodging        | 3 5 6 8 10 11 | 11.0
Ice Magic      | 4 5 6 7 10 | 10.4
Unarmed Combat | 1 2 5 7 |  7.5
Fighting       | 2 |  2.0
Spellcasting   | 4 5 6 8 9 11 10 | 11.0
Stealth        | 3 4 |  4.0
Transmutations | 8 12 15 |  0.0
Earth Magic    | 1 6 8 9 |  9.0
Evocations     | 6 8 10 | 10.0
Alchemy        | 10 | 10.1
Shapeshifting  | 9 |  9.3

Action                     |  1- 3 |  4- 6 |  7- 9 | 10-12 | 13-15 || total
---------------------------+-------+-------+-------+-------+-------++-------
  Melee: Unarmed           |   109 |    61 |    82 |   238 |   257 ||   747
         Bite              |     6 |     6 |    13 |    19 |     6 ||    50
         Punch             |       |       |       |     2 |     3 ||     5
   Cast: Freeze            |    33 |   106 |   104 |   201 |    81 ||   525
         Frozen Ramparts   |       |     2 |    66 |   104 |    41 ||   213
         Ozocubu's Armour  |       |     1 |    15 |    55 |    16 ||    87
         Spider Form       |       |       |       |     7 |    23 ||    30
 Invoke: Slimify           |       |       |       |     1 |       ||     1
         No ability        |       |       |       |     1 |       ||     1
  Evoke: Wand              |       |       |     9 |    23 |    18 ||    50
         Tin of tremorston |       |       |       |     2 |       ||     2
    Use: Scroll            |       |     5 |     1 |    15 |     6 ||    27
         Potion            |       |     6 |     1 |     2 |     1 ||    10
   Stab: Sleeping          |     8 |     3 |     3 |     1 |     3 ||    18
         Petrified         |       |       |       |     3 |       ||     3
 Armour: Skin              |     8 |    18 |    17 |    62 |    41 ||   146
  Dodge: Dodged            |   107 |   213 |   251 |   578 |   629 ||  1778

Table legend: (Time is in decaauts)
 A = Elapsed time spent in this place.
 B = Non-inter-level travel time spent in this place.
 C = Inter-level travel time spent in this place.
 D = Time resting spent in this place.
 E = Time spent auto-exploring this place.
 F = Levels seen in this place.
 G = Mean time per level.
                   A        B        C        D        E       F      G
               +--------+--------+--------+--------+--------+-----+--------+
         Total |  37133 |  28533 |   8600 |  16350 |    276 |  19 | 1954.4 |
       Dungeon |  26111 |  20922 |   5189 |  13750 |    276 |  11 | 2373.7 |
        Temple |     86 |      2 |     84 |      0 |      0 |   1 |   86.0 |
          Lair |  10742 |   7416 |   3326 |   2600 |      0 |   6 | 1790.3 |
      Gauntlet |    192 |    192 |      0 |      0 |      0 |   1 |  192.0 |
               +--------+--------+--------+--------+--------+-----+--------+

Top non-repeatable levels by time:
     D:8: 3362 daAuts
     D:9: 3286 daAuts
     D:3: 2882 daAuts
    D:10: 2772 daAuts
  Lair:5: 2529 daAuts
     D:4: 2459 daAuts
     D:6: 2457 daAuts
     D:7: 2331 daAuts
     D:5: 2175 daAuts
  Lair:6: 2005 daAuts
  Lair:4: 1747 daAuts
     D:1: 1612 daAuts
  Lair:2: 1572 daAuts
  Lair:1: 1523 daAuts
     D:2: 1391 daAuts
